 Dungeon Crawl Stone Soup version 0.30.1 (webtiles) character file.

Game seed: 14219170804350849288

2 Ijustatesigmund the Conjurer (level 1, 0/11 HPs)
             Began as an Octopode Conjurer on July 13, 2023.
             Slain by a frilled lizard (2 damage)
             ... on level 1 of the Dungeon.
             The game lasted 00:01:01 (134 turns).

Ijustatesigmund the Conjurer (Octopode Conjurer)     Turns: 134, Time: 00:01:01

Health: 0/11       AC:  1    Str:  6    XL:     1   Next: 40%
Magic:  3/3        EV: 13    Int: 20    God:
Gold:   18         SH:  0    Dex: 10    Spells: 3/4 levels left

rFire   . . .        d - +0 spear
rCold   . . .        (no shield)
rNeg    . . .        (helmet restricted)
rPois   .            (no amulet)
rElec   .            b - ring of resist corrosion
rCorr   +            (no ring)
SInv    .            (no ring)
Will    .....        (no ring)
Stlth   +++          (no ring)
HPRegen 0.21/turn    (no ring)
MPRegen 0.08/turn    (no ring)
                     (no ring)

%: no passive effects
@: about to teleport
A: almost no armour, amphibious, 8 rings, camouflage 1, gelatinous body 1,
(nimble swimmer 1), tentacles
a: no special abilities


You were on level 1 of the Dungeon.
You visited 1 branch of the dungeon, and saw 1 of its levels.

You collected 18 gold pieces.

Inventory:

Hand Weapons
 d - a +0 spear (weapon)
Jewellery
 b - a ring of resist corrosion (left tentacle)
Potions
 a - a potion of magic


   Skills:
 + Level 0.2 Fighting
 - Level 2.0 Dodging
 - Level 2.6 Stealth
 + Level 2.0 Spellcasting
 + Level 4.0 Conjurations


You had 3 spell levels left.
You knew the following spells:

 Your Spells              Type           Power      Damage    Failure   Level
a - Magic Dart            Conj           72%        1d6       3%          1

Your spell library contained the following spells:

 Spells                   Type           Power      Damage    Failure   Level
 Searing Ray              Conj           36%        2d5       4%          2
 Dazzling Flash           Conj/Hex       20%        N/A       21%         3
 Frozen Ramparts          Ice            4%         1d1       43%         3
 Fulminant Prism          Conj/Hex       5%         3d7       56%         4
 Iskenderun's Mystic Bla  Conj/Tloc      10%        2d4       56%         4
 Ice Form                 Ice/Tmut       2%         N/A       83%         4
 Summon Ice Beast         Ice/Summ       2%         N/A       83%         4


Dungeon Overview and Level Annotations

Branches:
Dungeon (1/15)

Altars:


Innate Abilities, Weirdness & Mutations

You cannot wear most types of armour.
You are amphibious.
You can wear up to eight rings at the same time.
Your skin changes colour to match your surroundings (Stealth+).
Your rubbery body absorbs attacks. (AC +1, EV +1)
((You are camouflaged when in or above water. (Stealth+)))
You have tentacles for arms and can constrict up to eight enemies at once.


Message History

Press: ? - help, Shift-Dir - straight line, f/p - kobold
Aim: a kobold, wielding a +0 short sword (moderately wounded, 100% to hit)
The magic dart hits the kobold.
You kill the kobold!
A frilled lizard comes into view.
You closely miss the kobold. You grab the kobold. You constrict the kobold.
The kobold misses you.
You hit the kobold but do no damage.
The kobold is moderately wounded.
You constrict the kobold, but do no damage.
The kobold barely misses you.
You barely miss the kobold.
The kobold is moderately wounded.
You constrict the kobold. The kobold hits you with a +0 dagger.
You completely miss the kobold. You squeeze the kobold.
You kill the kobold!
A gnoll comes into view. It is wielding a +0 spear.
The gnoll shouts!
You reach to attack!
You barely miss the gnoll.
The frilled lizard hisses angrily.
The gnoll closely misses you. The gnoll barely misses you.
You reach to attack!
You barely miss the frilled lizard.
You hit the frilled lizard but do no damage.
Your grab misses the frilled lizard.
The frilled lizard bites you but does no damage.
The gnoll closely misses you.
You barely miss the frilled lizard. Your grab misses the frilled lizard.
Your squeeze misses the frilled lizard. The frilled lizard closely misses you.
The gnoll hits you from afar with a +0 spear.
You closely miss the frilled lizard. Your grab misses the frilled lizard.
The frilled lizard bites you. The gnoll barely misses you.
As you read the scroll labelled GAXIELUAGA, it crumbles to dust.
You feel strangely unstable.
It was a scroll of teleportation.
The frilled lizard barely misses you.
The gnoll hits you from afar with a +0 spear.
* * * LOW HITPOINT WARNING * * *
The frilled lizard attacks as you move away!
The frilled lizard bites you.
You die...

#..#≈≈§.≈≈§#.....#
#.###.+§≈§≈≈≈.'.....#
#.....#§.§..§≈#.....#
#####.#≈≈.<[≈§#.....#
#....#≈....§≈##.####
#.#..+.§≈≈≈≈.+ .# #
#..#≈§§.≈≈≈######
#..####.####....#
#.......gl.#@#
#.#..#####.#l# #....#
#.g.# ###.## #####
#.## ######
#####..#####.......
#..................#
#..................#
#..................#


You could see a gnoll and a frilled lizard.

Vanquished Creatures
  A quokka (D:1)
  2 kobolds (D:1)
3 creatures vanquished.

Notes
Turn   | Place    | Note
-------+----------+-------------------------------------------
     0 | D:1      | Ijustatesigmund the Octopode Conjurer began the quest for
                  | the Orb.
     0 | D:1      | Reached XP level 1. HP: 11/11 MP: 3/3
   134 | D:1      | Slain by a frilled lizard

Illustrated notes

Levels and vault maps discovered:
D:1:      ncdulo_lavacross, layout_basic, serial_shops, nicolae_shop_peninsula,
          ebering_ecumenical_altar_ruins

Action                     || total
---------------------------++-------
  Melee: Spear             ||     9
         Constrict         ||     1
         Tentacles         ||     1
   Cast: Magic Dart        ||     5
    Use: Scroll            ||     1
 Armour: Skin              ||     1
  Dodge: Dodged            ||     8
